 Dungeon Crawl Stone Soup version 0.29.0-4-gdea44cf6ec (webtiles) character file.

Game seed: 6965897937014508955

1537 qw the Cleaver (level 8, -4/48 HPs)
             Began as a Tengu Warper on Aug 28, 2022.
             Slain by an ogre
             ... wielding a +0 giant club
              (31 damage)
             ... on level 6 of the Dungeon.
             The game lasted 00:00:45 (7413 turns).

qw the Cleaver (Tengu Warper)                       Turns: 7413, Time: 00:00:46

Health: -4/48      AC:  9    Str: 21    XL:     8   Next: 86%
Magic:  10/10      EV: 11    Int: 21    God:
Gold:   221        SH:  0    Dex: 19    Spells: 11/11 levels left

rFire   . . .      SeeInvis .   Y - +1 war axe
rCold   . . .      Faith    .   (no shield)
rNeg    . . .      Spirit   .   m - +0 chain mail
rPois   .          Reflect  .   (helmet restricted)
rElec   +          Harm     .   (no cloak)
rCorr   .          Rampage  .   (no gloves)
Will    .....                   (boots unavailable)
Stlth   ..........              (no amulet)
HPRegen 0.16/turn               c - +6 ring of strength
MPRegen 0.12/turn               l - ring "Udifuol" {rElec Int+8 Dex+6}

@: flying quickly and evasively, quick
A: beak, talons 3, nimble flight, low MP 1, MP-powered wands
a: no special abilities


You were on level 6 of the Dungeon.
You visited 1 branch of the dungeon, and saw 6 of its levels.
You also visited: Ossuary.

You collected 271 gold pieces.
You spent 50 gold pieces at shops.


Innate Abilities, Weirdness & Mutations

You have a beak for a mouth.
You have claws for feet.
Your magical nature lets you fly swiftly and evasively.
Your magical capacity is low. (-10% MP)
You expend magic power (3 MP) to strengthen your wands.


   Skills:
 - Level 4.3 Fighting
 - Level 10.3 Axes
 - Level 1.0 Throwing
 - Level 3.0 Armour
 + Level 3.7 Dodging
 - Level 2.0 Spellcasting
 - Level 2.4 Translocations


You had 11 spell levels left.
You didn't know any spells.
Your spell library contained the following spells:

 Spells                   Type           Power      Damage    Failure   Level
 Blink                    Tloc           24%        N/A       63%         2
 Gell's Gravitas          Tloc           12%        N/A       85%         3
 Lesser Beckoning         Tloc           12%        N/A       85%         3
 Teleport Other           Tloc           12%        N/A       85%         3
 Manifold Assault         Tloc           12%        N/A       100%        5

Inventory:

Hand Weapons
 d - a +0 flail
 Y - a +1 war axe (weapon)
Armour
 m - a +0 chain mail (worn)
Jewellery
 c - a +6 ring of strength (left hand)
 l - the ring "Udifuol" (right hand) {rElec Int+8 Dex+6}
   (You found it on level 3 of the Dungeon)

   [ring of dexterity]

   Int:       It affects your intelligence (+8).
   Dex:       It affects your dexterity (+6).
   rElec:     It insulates you from electricity.
Scrolls
 k - a scroll of identify
 p - 3 scrolls of enchant armour
Potions
 e - a potion of magic {unknown}
 f - 2 potions of resistance
 g - 2 potions of haste
 h - a potion of mutation
 i - 2 potions of curing
 o - 4 potions of might

Dungeon Overview and Level Annotations

Branches:
Dungeon (6/15)            Ossuary (visited)
 Temple: D:4-7

Altars:
Elyvilon
Fedhas
Gozag
Nemelex Xobeh
Wu Jian

Shops:
D:3 *

Annotations:
D:4 1 runed translucent door, Crazy Yiuf


Message History

The howler monkey hits you but does no damage.
You fly upwards.
There is a stone staircase leading down here.
You slice the howler monkey!!
You kill the howler monkey!
Done exploring.
(D) Dungeon
Where to? (* - list waypoints, Enter - D:6, ? - help)
What level of the Dungeon? (default 1, ? - help)
You fly downwards.
The hound barks!
You hear a shout!
An ogre comes into view. It is wielding a +0 giant club.
There is a stone staircase leading up here.
7407 ||| STAIRDANCE The orc hits you with a +0 dagger.
The hound bites you but does no damage.
You fly upwards.
There is a stone staircase leading down here.
You completely miss the orc. You claw the orc!
You kill the orc!
Done exploring.
(D) Dungeon
Where to? (* - list waypoints, Enter - D:6, ? - help)
What level of the Dungeon? (default 1, ? - help)
You fly downwards.
The hound bites you. The ogre closely misses you.
The hound bites you but does no damage. The sky beast hits you.
The sky beast shocks you. You resist.
There is a stone staircase leading up here.
You barely miss the hound. Your kick misses the hound.
You peck the hound, but do no damage. You barely miss the sky beast.
You hit the ogre. The hound bites you but does no damage.
The ogre hits you with a +0 giant club! The hound bites you but does no damage.
The sky beast closely misses you.
You hit the hound but do no damage. You claw the hound.
Your peck misses the hound.
The hound is lightly wounded.
You hit the ogre but do no damage. You barely miss the sky beast.
The hound barely misses you.
The ogre hits you with a +0 giant club!!
Ouch! That really hurt!
You die...

#.. ... ..
# .. ##.##.
.....
#.h####
#.Y@..#
#...O..#
......(...#
#.##.....##
. .......#
........#
.........#
....#.#.##


You could see a sky beast, an ogre and a hound.

Vanquished Creatures
  Prince Ribbit (D:5)
  A water moccasin (D:5)
  An ice beast (D:4)
  A black bear (D:5)
  A centaur (D:5)
  A phantom (D:3)
  A kobold brigand (D:4)
  2 scorpions
  A howler monkey (D:5)
  4 hounds
  A jelly (D:5)
  3 orc priests
  2 iguanas
  2 orc wizards
  A mummy (Ossuary)
  4 gnolls (D:3)
  12 adders
  A white imp (D:5)
  2 ufetubi (D:5)
  A worm (D:2)
  8 dart slugs
  10 orcs
  2 spectral bats (Ossuary)
  6 ball pythons
  7 bats
  4 endoplasms
  2 giant cockroaches
  12 gnoll zombies (Ossuary)
  A goblin (D:1)
  9 hobgoblins
  7 jackals
  7 kobolds
  6 quokkas
  3 bat simulacra (Ossuary)
  3 frilled lizards
  3 goblin simulacra (Ossuary)
  3 goblin zombies (Ossuary)
  6 hobgoblin zombies (Ossuary)
  6 kobold simulacra (Ossuary)
  5 kobold zombies (Ossuary)
  4 orc zombies (Ossuary)
  8 rats
  A rat simulacrum (Ossuary)
  6 spectral goblins (Ossuary)
  A spectral kobold (Ossuary)
  2 spectral rats (Ossuary)
175 creatures vanquished.

Vanquished Creatures (others)
  38 plants
38 creatures vanquished.

Grand Total: 213 creatures vanquished

Notes
Turn   | Place    | Note
-------+----------+-------------------------------------------
     0 | D:1      | qw the Tengu Warper began the quest for the Orb.
     0 | D:1      | Reached XP level 1. HP: 12/12 MP: 4/4
     0 | D:1      | 0 ||| qw: Version: 0.1-a-89-g26bdef1
     0 | D:1      | 0 ||| qw: Game counter: 584
     0 | D:1      | 0 ||| qw: Always use a shield: true
     0 | D:1      | 0 ||| qw: God list: Okawaru
     0 | D:1      | 0 ||| qw: Allow faded altars: false
     0 | D:1      | 0 ||| qw: Do Orc after D:15 true
     0 | D:1      | 0 ||| qw: Do second Lair branch before Depths: true
     0 | D:1      | 0 ||| qw: Lair rune preference: random
     0 | D:1      | 0 ||| qw: Plans: Normal
     0 | D:1      | 0 ||| PLANNING D:1-11
    72 | D:1      | 72 ||| Stepping ~*~*~tactically~*~*~ (water).
   148 | D:1      | Reached skill level 3 in Axes
   148 | D:1      | Reached XP level 2. HP: 15/17 MP: 6/6
   414 | D:1      | 414 ||| Stepping ~*~*~tactically~*~*~ (stealth).
   488 | D:1      | 488 ||| Stepping ~*~*~tactically~*~*~ (stealth).
   511 | D:1      | 511 ||| Stepping ~*~*~tactically~*~*~ (stealth).
   515 | D:1      | 515 ||| Stepping ~*~*~tactically~*~*~ (stealth).
   518 | D:1      | Reached XP level 3. HP: 18/21 MP: 7/7
   598 | D:1      | 598 ||| Stepping ~*~*~tactically~*~*~ (stealth).
   600 | D:1      | 600 ||| Stepping ~*~*~tactically~*~*~ (stealth).
   613 | D:1      | 613 ||| Stepping ~*~*~tactically~*~*~ (stealth).
   715 | D:1      | Reached skill level 4 in Axes
   938 | D:1      | 938 ||| UPGRADING to +0 ring mail.
   948 | D:1      | 948 ||| DROPPING +0 leather armour.
   949 | D:1      | 949 ||| UPGRADING to +0 chain mail.
   959 | D:1      | 959 ||| DROPPING +0 ring mail.
   960 | D:1      | 960 ||| READING scroll labelled IREJAT QIUXETT.
   961 | D:1      | 961 ||| READING scroll labelled NEISTR SUER IBBEFE.
   962 | D:1      | 962 ||| DRINKING 4 coppery potions.
   963 | D:1      | 963 ||| DROPPING scroll of blinking.
  1260 | D:2      | Reached XP level 4. HP: 17/26 MP: 8/8
  1510 | D:2      | Found a faded altar of an unknown god.
  1672 | D:2      | 1672 ||| Stepping ~*~*~tactically~*~*~ (hiding).
  2030 | D:2      | 2030 ||| UPGRADING to +6 ring of strength.
  2031 | D:2      | 2031 ||| READING scroll labelled ZUOH LOTAWEABA.
  2035 | D:2      | 2035 ||| READING scroll labelled TOUVVE ENUI.
  2036 | D:2      | 2036 ||| READING 2 scrolls labelled TIOLOL VISCH.
  2037 | D:2      | 2037 ||| DRINKING 2 murky black potions.
  2038 | D:2      | 2038 ||| DRINKING 2 bubbling puce potions.
  2039 | D:2      | 2039 ||| DROPPING potion of degeneration.
  2040 | D:2      | 2040 ||| DROPPING potion of flight.
  2067 | D:3      | Reached skill level 5 in Axes
  2140 | D:3      | 2140 ||| DROPPING +0 club.
  2205 | D:3      | Found an opulent altar of Gozag.
  2407 | D:3      | Noticed a phantom
  2419 | D:3      | Killed a phantom
  2420 | D:3      | Reached skill level 6 in Axes
  2420 | D:3      | Gained mutation: Your magical nature lets you fly swiftly
                  | and evasively. [Tengu growth]
  2420 | D:3      | Reached XP level 5. HP: 21/30 MP: 9/9
  2559 | D:3      | Found a sparkling altar of Nemelex Xobeh.
  2707 | D:3      | Found a blossoming altar of Fedhas.
  2753 | D:3      | Found a white marble altar of Elyvilon.
  2754 | D:3      | 2754 ||| Stepping ~*~*~tactically~*~*~ (hiding).
  2755 | D:3      | 2755 ||| Stepping ~*~*~tactically~*~*~ (hiding).
  2756 | D:3      | 2756 ||| Stepping ~*~*~tactically~*~*~ (hiding).
  2941 | D:3      | 2941 ||| Stepping ~*~*~tactically~*~*~ (stealth).
  2945 | D:3      | 2945 ||| Stepping ~*~*~tactically~*~*~ (stealth).
  3016 | D:3      | 3016 ||| Stepping ~*~*~tactically~*~*~ (hiding).
  3035 | D:3      | Reached XP level 6. HP: 19/35 MP: 10/10
  3219 | D:3      | Identified the ring "Udifuol" {rElec Int+8 Dex+6}
  3260 | D:3      | Found Ipadig's Assorted Antiques.
  3268 | D:3      | 3268 ||| BUYING fizzy orange potion (16 gold).
  3268 | D:3      | Bought a fizzy orange potion for 16 gold pieces
  3268 | D:3      | 3268 ||| BUYING lumpy white potion (16 gold).
  3268 | D:3      | Bought a lumpy white potion for 16 gold pieces
  3268 | D:3      | 3268 ||| BUYING scroll labelled UHAUXOINW YPUI (18 gold).
  3268 | D:3      | Bought a scroll labelled UHAUXOINW YPUI for 18 gold pieces
  3268 | D:3      | 3268 ||| SHOPLISTING scroll of enchant armour (135 gold,
                  | have 72).
  3402 | D:3      | 3402 ||| DROPPING ring of wizardry.
  3403 | D:3      | 3403 ||| UPGRADING to ring "Udifuol" {rElec Int+8 Dex+6}.
  3404 | D:3      | 3404 ||| READING scroll labelled OSAORIFALI.
  3405 | D:3      | 3405 ||| READING scroll labelled UHAUXOINW YPUI.
  3406 | D:3      | 3406 ||| DRINKING 2 orange potions.
  3407 | D:3      | 3407 ||| DRINKING 2 yellow potions.
  3508 | D:3      | 3508 ||| DROPPING potion of ambrosia.
  3546 | D:4      | 3546 ||| PLANNING OSSUARY
  3579 | D:4      | 3579 ||| SWAPPING to +0 war axe.
  3587 | D:4      | Reached skill level 7 in Axes
  3634 | D:4      | 3634 ||| DROPPING +1 hand axe.
  3732 | D:4      | Noticed an ice beast
  3745 | D:4      | Killed an ice beast
  3746 | D:4      | Reached skill level 3 in Fighting
  3746 | D:4      | Reached XP level 7. HP: 28/41 MP: 11/11
  3824 | D:4      | 3824 ||| Stepping ~*~*~tactically~*~*~ (stealth).
  3842 | D:4      | 3842 ||| Stepping ~*~*~tactically~*~*~ (hiding).
  3851 | D:4      | 3851 ||| DRINKING 5 potions of curing.
  3851 | D:4      | 3851 ||| (to cure confusion)
  4100 | D:4      | Found a sand-covered staircase.
  4101 | D:4      | 4101 ||| DRINKING 4 lumpy white potions.
  4111 | Ossuary  | Entered an ossuary
  4271 | Ossuary  | 4271 ||| Stepping ~*~*~tactically~*~*~ (stealth).
  4328 | Ossuary  | Reached skill level 8 in Axes
  4669 | Ossuary  | 4669 ||| READING scroll labelled OCAMPI FIMIE.
  4670 | Ossuary  | 4670 ||| DRINKING 2 fuming grey potions.
  4671 | Ossuary  | 4671 ||| DROPPING potion of attraction.
  4696 | D:4      | 4696 ||| PLANNING D:1-11
  4982 | D:4      | 4982 ||| READING scroll of enchant weapon.
  4982 | D:4      | 4982 ||| ENCHANTING +0 war axe.
  4991 | D:4      | Found a runed translucent door.
  4992 | D:4      | Noticed Crazy Yiuf
  5029 | D:4      | 5029 ||| READING 2 scrolls of teleportation.
  5106 | D:5      | Entered Level 5 of the Dungeon
  5108 | D:5      | 5108 ||| STAIRDANCE
  5113 | D:4      | Reached skill level 3 in Dodging
  5173 | D:5      | 5173 ||| STAIRDANCE
  5278 | D:5      | 5278 ||| DROPPING +0 whip.
  5730 | D:5      | 5730 ||| DRINKING 4 potions of curing.
  5730 | D:5      | 5730 ||| (to cure confusion)
  5737 | D:5      | 5737 ||| DRINKING 3 potions of curing.
  5737 | D:5      | 5737 ||| (to cure confusion)
  5740 | D:5      | Reached XP level 8. HP: 44/47 MP: 12/12
  5817 | D:5      | Reached skill level 9 in Axes
  5880 | D:5      | Found an ornate altar of the Wu Jian Council.
  6157 | D:5      | Noticed Prince Ribbit
  6158 | D:5      | 6158 ||| Stepping ~*~*~tactically~*~*~ (hiding).
  6160 | D:5      | 6160 ||| Stepping ~*~*~tactically~*~*~ (hiding).
  6164 | D:5      | Reached skill level 3 in Armour
  6182 | D:5      | HP: 9/48 [Prince Ribbit (16)]
  6183 | D:5      | 6183 ||| READING scroll of teleportation.
  6184 | D:5      | 6184 ||| FLEEEEING.
  6185 | D:5      | 6185 ||| FLEEEEING.
  6186 | D:5      | 6186 ||| FLEEEEING.
  6187 | D:5      | 6187 ||| FLEEEEING.
  6193 | D:5      | 6193 ||| FLEEEEING.
  6194 | D:5      | 6194 ||| STAIRDANCE
  6444 | D:4      | 6444 ||| DRINKING 2 ruby potions.
  6444 | D:4      | Gained mutation: You expend magic power (3 MP) to
                  | strengthen your wands. [potion of mutation]
  6444 | D:4      | Gained mutation: Your magical capacity is low. (-10% MP)
                  | [potion of mutation]
  6445 | D:4      | 6445 ||| DRINKING 2 fizzy orange potions.
  6446 | D:4      | 6446 ||| READING 2 scrolls of identify.
  6446 | D:4      | 6446 ||| IDENTIFYING fizzy sapphire potion
  6447 | D:4      | 6447 ||| DROPPING potion of brilliance.
  6480 | D:5      | HP: 3/48 [Prince Ribbit (13)]
  6481 | D:5      | 6481 ||| DRINKING potion of heal wounds.
  6482 | D:5      | 6482 ||| STAIRDANCE
  6707 | D:5      | 6707 ||| STAIRDANCE
  6816 | D:5      | HP: 3/48 [Prince Ribbit (13)]
  6818 | D:5      | Killed Prince Ribbit
  6819 | D:5      | Reached skill level 10 in Axes
  6819 | D:5      | 6819 ||| STAIRDANCE
  7400 | D:6      | 7400 ||| STAIRDANCE
  7407 | D:6      | 7407 ||| STAIRDANCE
  7413 | D:6      | Slain by an ogre

Levels and vault maps discovered:
D:1:      dpeg_arrival_yet_another_circle, layout_basic, hex_large,
          serial_bayou_lagoon_a, patterned_corridor
D:2:      layout_basic, ebering_ecumenical_altar_petrified,
          grunt_decor_resistance
D:3:      layout_basic, mainiacjoe_overflow_small_starburst,
          mainiacjoe_overflow_six_doors_small, fedhas_altar_1,
          nicolae_elyvilon_temple_path, serial_shops, shop, st_stairs_2
D:4:      layout_cave_pools, enter_ossuary_1, minmay_crossroads,
          uniq_crazy_yiuf_cottage
D:5:      layout_cave_pods, mainiacjoe_overflow_cross_hatched,
          grunt_ministairs_10, uniq_prince_ribbit1
D:6:      layout_basic, mainiacjoe_overflow_catch_the_wave, minitemple,
          uniq_maggie

Skill      XL: |  1  2  3  4  5  6  7  8 |
---------------+-------------------------+-----
Axes           | 3 4 6 7 8 10 | 10.3
Armour         | 2 3 |  3.0
Fighting       | 3 4 |  4.3
Dodging        | 3 |  3.7
Throwing       | |  1.0
Spellcasting   | |  2.0
Translocations | |  2.4

Action                   |  1- 3 |  4- 6 |  7- 9 || total
-------------------------+-------+-------+-------++-------
Melee: Hand axe          |    71 |    80 |       ||   151
       Kick              |    15 |    29 |    56 ||   100
       Peck              |    11 |    18 |    40 ||    69
       Punch             |     1 |     2 |     3 ||     6
       War axe           |       |    18 |   213 ||   231
Throw: Boomerang         |    40 |    29 |       ||    69
  Use: Scroll            |     2 |     5 |     5 ||    12
       Potion            |     1 |     4 |     8 ||    13
Armor: Leather armour    |    10 |       |       ||    10
       Chain mail        |    16 |    51 |    78 ||   145
Dodge: Dodged            |    39 |    32 |    89 ||   160

Table legend:
 A = Non-vault XP
 B = Vault XP
 C = Vault XP percentage of total XP
 D = Non-vault monster count
 E = Vault monster count
 F = Vault count percentage of total count
                 A         B        C        D         E       F
            +---------+---------+-------+---------+---------+-------
      Total |    1506 |     691 |  31.5 |     113 |      62 |  35.4
            +---------+---------+-------+---------+---------+-------
        D:1 |      52 |       0 |   0.0 |      28 |       0 |   0.0
        D:2 |      60 |       0 |   0.0 |      19 |       0 |   0.0
        D:3 |     229 |      14 |   5.8 |      21 |       2 |   8.7
        D:4 |     403 |     139 |  25.6 |      20 |       2 |   9.1
        D:5 |     762 |     456 |  37.4 |      25 |       3 |  10.7
    Ossuary |       0 |      82 | 100.0 |       0 |      55 | 100.0
            +---------+---------+-------+---------+---------+-------
